 Dungeon Crawl Stone Soup version 0.30-a0-475-g03497ec522 (webtiles) character file.

Game seed: 14579268398112546589

16 PyroL the Grasshopper (level 2, -1/25 HPs)
             Began as a Draconian Warper on Dec 21, 2022.
             Frozen to death by an endoplasm (3 damage)
             ... on level 1 of the Dungeon.
             The game lasted 00:01:01 (400 turns).

PyroL the Grasshopper (Draconian Warper)             Turns: 400, Time: 00:01:03

Health: -1/25      AC:  6    Str: 13    XL:     2   Next: 41%
Magic:  3/5        EV: 12    Int: 13    God:
Gold:   17         SH:  0    Dex: 10    Spells: 3/5 levels left

rFire   . . .      SeeInvis .    a - +0 mace
rCold   . . .      Faith    .    (no shield)
rNeg    . . .      Spirit   .    (body armour unavailable)
rPois   .          Reflect  .    g - +0 hat
rElec   .          Harm     .    (no cloak)
rCorr   .          Rampage  .    h - +1 pair of gloves
Will    .....                    (no boots)
Stlth   +.........               (no amulet)
HPRegen 0.24/turn                (no ring)
MPRegen 0.09/turn                (no ring)

@: on blink cooldown
A: AC +4, unfitting armour, cold-blooded
a: no special abilities


You were on level 1 of the Dungeon.
You visited 1 branch of the dungeon, and saw 1 of its levels.

You collected 17 gold pieces.

Inventory:

Hand Weapons
 a - a +0 mace (weapon)
Missiles
 c - 6 boomerangs of dispersal
Armour
 g - a +0 hat (worn)
 h - a +1 pair of gloves (worn)
Scrolls
 b - a scroll of blinking
 f - 2 scrolls of vulnerability {unknown}
Potions
 d - a potion of curing {unknown}
 e - a potion of flight {unknown}
 i - a potion of haste {unknown}


   Skills:
 + Level 2.6 Fighting
 - Level 2.0 Maces & Flails
 - Level 0.8 Throwing
 - Level 2.1 Dodging
 + Level 2.3 Spellcasting
 + Level 3.3 Translocations


You had 3 spell levels left.
You knew the following spells:

 Your Spells              Type           Power      Damage    Failure   Level
a - Blink                 Tloc           20%        N/A       10%         2

Your spell library contained the following spells:

 Spells                   Type           Power      Damage    Failure   Level
 Lesser Beckoning         Tloc           20%        N/A       19%         3
 Teleport Other           Tloc           10%        N/A       19%         3
 Vhi's Electric Charge    Tloc/Air       10%        N/A       36%         3
 Manifold Assault         Tloc           10%        N/A       54%         4


Dungeon Overview and Level Annotations

Branches:
Dungeon (1/15)

Altars:

Shops:
D:1 *


Innate Abilities, Weirdness & Mutations

Your plain brown scales are hard. (AC +4)
You cannot fit into any form of body armour.
You are cold-blooded and may be slowed by cold attacks.


Message History

You hit the kobold but do no damage.
Your tail-slap misses the kobold.
The kobold hits you with a +0 club.
* * * LOW HITPOINT WARNING * * *
The kobold hits you but does no damage.
You hit the kobold.
You kill the kobold!
You hit the endoplasm but do no damage. The endoplasm freezes you.
You are frozen.
* * * LOW HITPOINT WARNING * * *
The endoplasm barely misses you.
You barely miss the endoplasm. The endoplasm freezes you.
You are frozen.
* * * LOW HITPOINT WARNING * * *
You feel as though you will be slow longer.
The endoplasm closely misses you.
You hit the endoplasm.
The endoplasm is moderately wounded.
The endoplasm freezes you.
You are frozen.
* * * LOW HITPOINT WARNING * * *
The endoplasm hits you.
* * * LOW HITPOINT WARNING * * *
Casting: Blink (safe; 10% risk of failure)
Confirm with . or Enter, or press ? or * to list all spells.
You blink.
You feel yourself speed up. The endoplasm freezes you.
You are frozen.
* * * LOW HITPOINT WARNING * * *
You feel yourself slow down.
The endoplasm hits you but does no damage.
You hit the endoplasm.
The endoplasm is severely wounded.
You feel yourself speed up.
The endoplasm hits you but does no damage.
The endoplasm freezes you.
You are frozen.
You die...

#.....)....# ##
#######....###########.
......'....'.........'.
.######....###########.
#...#.........##.
#.#.#.#....##.###
#ยง#.............# #..
########J###.........#.#
#..
.......@...#............
...
...........+..####.#...#
#.# ...........#
####....## #.#
...........# #...###.# #
#.# ###############.#.#
#.# #.##.####
#.............#.# #.#
#.......#
#.########...##.# #.#
####.##.###.#
##8###.###.# #.##...#.#
#.# #.....#


You could see an endoplasm.

Vanquished Creatures
  A dart slug (D:1)
  2 endoplasms (D:1)
  A goblin (D:1)
  A hobgoblin (D:1)
  2 kobolds (D:1)
  A quokka (D:1)
  3 bats (D:1)
  2 frilled lizards (D:1)
  A rat (D:1)
14 creatures vanquished.

Notes
Turn   | Place    | Note
-------+----------+-------------------------------------------
     0 | D:1      | PyroL the Draconian Warper began the quest for the Orb.
     0 | D:1      | Reached XP level 1. HP: 17/17 MP: 3/3
   274 | D:1      | Reached XP level 2. HP: 25/25 MP: 5/5
   277 | D:1      | Learned a level 2 spell: Blink
   277 | D:1      | Found Ysoil's Assorted Antiques.
   400 | D:1      | Frozen to death by an endoplasm

Illustrated notes

Levels and vault maps discovered:
D:1:      psy_arrival_heroes, layout_basic, serial_shops, shop

Action                   || total
-------------------------++-------
Melee: Mace              ||    33
       Tailslap          ||     1
Throw: Boomerang         ||     1
 Cast: Blink             ||     1
Armor: Skin              ||    16
Dodge: Dodged            ||    23

Table legend: (Time is in decaauts)
 A = Elapsed time spent in this place.
 B = Non-inter-level travel time spent in this place.
 C = Inter-level travel time spent in this place.
 D = Time resting spent in this place.
 E = Time spent auto-exploring this place.
 F = Levels seen in this place.
 G = Mean time per level.
                   A        B        C        D        E       F      G
               +--------+--------+--------+--------+--------+-----+--------+
         Total |    415 |    415 |      0 |      0 |    263 |   1 |  415.0 |
       Dungeon |    415 |    415 |      0 |      0 |    263 |   1 |  415.0 |
               +--------+--------+--------+--------+--------+-----+--------+

Top non-repeatable levels by time:
     D:1: 415 daAuts
